AoeStats
← xMasterCheF90x

Arena

510854337Analyzed
4v4 RM · 16h ago on Oct 2, 2026· 59m 17s· 8 players
Game mode
Random Map
Map size
Large (8 player)
Population
200
Speed
Normal
Resources
Standard
Victory
Conquest
Starting age
Dark Age
Ending age
Imperial Age
RankedLock teamsTeams togetherTeam positionsShared explorationLock speedFull tech treeHidden civsTurbo modeCheats
Victory
Defeat
🇹🇷 Franks · Türkiye
627
+14
🇹🇷 Khmer · Türkiye
595
+16
🇹🇷 Goths · Türkiye
582
+16
🇹🇷 Britons · Türkiye
566
+17
🇩🇪 Spanish · Germany
608
-17
🇮🇹 Huns · Italy
594
-16
🇮🇹 Persians · Italy
578
-15
🇹🇷 Burgundians · Türkiye
571
-15
GolTecnic
7:36 Loom
8:47 Loom
12:43 Feudal Age
13:14 Double-Bit Axe
14:09 Wheelbarrow
13:19 Horse Collar
13:42 Gold Mining
13:43 Stone Mining
19:45 Castle Age
17:39 Town Watch
18:17 Scale Mail Armor
18:09 Arson
20:37 Bow Saw
20:45 Hand Cart
20:36 Heavy Plow
21:14 Gold Shaft Mining
21:09 Squires
20:50 Pikeman
24:19 Chain Mail Armor
25:59 Marauders
26:16 Fletching
31:48 Imperial Age
29:41 Bloodlines
29:32 Husbandry
29:46 Scale Barding Armor
32:27 Chain Barding Armor
33:03 Conscription
33:00 Town Patrol
34:08 Two-Man Saw
34:26 Ballistics
35:07 Chemistry
34:46 Bodkin Arrow
36:34 Plate Barding Armor
36:12 Bracer
37:24 Elite Tarkan
47:09 Halberdier
47:53 Caravan
48:25 Coinage
48:16 Guilds
51:28 Banking
xMasterCheF90x
11:41 Feudal Age
13:07 Wheelbarrow
12:25 Double-Bit Axe
12:27 Horse Collar
14:24 Gold Mining
20:56 Castle Age
22:14 Hand Cart
22:15 Bow Saw
22:11 Heavy Plow
22:07 Stone Mining
27:22 Stone Shaft Mining
27:25 Caravan
27:57 Coinage
27:44 Gambesons
28:00 Squires
27:23 Pikeman
29:39 Scale Mail Armor
29:50 Forging
33:22 Imperial Age
32:12 Fervor
32:30 Sanctity
32:25 Herbal Medicine
32:47 Inquisition
35:35 Chemistry
34:50 Elite Conquistador
44:20 Halberdier
45:43 Iron Casting
45:24 Chain Mail Armor
45:44 Banking
45:27 Guilds
49:59 Conscription
puniscer
3:53 Loom
15:41 Feudal Age
18:53 Wheelbarrow
18:02 Horse Collar
18:12 Double-Bit Axe
19:36 Stone Mining
19:37 Gold Mining
21:08 Scale Barding Armor
21:00 Fletching
27:18 Castle Age
25:47 Bloodlines
25:37 Arson
29:42 Hand Cart
29:41 Bow Saw
29:35 Heavy Plow
30:11 Ballistics
30:03 Masonry
30:22 Chain Barding Armor
30:12 Forging
29:59 Bodkin Arrow
30:05 Padded Archer Armor
32:44 Kamandaran
35:00 Iron Casting
34:41 Leather Archer Armor
34:49 Thumb Ring
35:17 Crossbowman
40:57 Imperial Age
41:35 Parthian Tactics
43:52 Chemistry
42:51 Murder Holes
43:28 Architecture
44:48 Two-Man Saw
44:24 Crop Rotation
46:37 Conscription
46:55 Hoardings
48:18 Elite War Elephant
56:02 Plate Barding Armor
59:37 Husbandry
58:59 Light Cavalry
emrecankurttt54
0:28 Loom
10:01 Wheelbarrow
10:56 Double-Bit Axe
11:09 Gold Mining
11:10 Stone Mining
12:41 Horse Collar
16:55 Feudal Age
18:02 Heavy Plow
18:16 Bow Saw
18:45 Gold Shaft Mining
18:45 Stone Shaft Mining
23:38 Castle Age
23:11 Forging
23:01 Scale Mail Armor
23:21 Caravan
25:12 Iron Casting
24:52 Chain Mail Armor
25:44 Two-Man Saw
25:08 Guilds
26:41 Crop Rotation
25:55 Man-at-Arms
25:58 Pikeman
26:38 Squires
26:24 Arson
27:35 Long Swordsman
28:37 Treadmill Crane
29:09 Fortified Wall
28:55 Murder Holes
29:11 Masonry
33:44 Imperial Age
33:37 Hand Cart
33:07 Town Watch
34:17 Two-Handed Swordsman
34:18 Halberdier
36:34 Champion
43:20 Chemistry
51:17 Town Patrol
Turshu
12:03 Feudal Age
13:29 Double-Bit Axe
20:50 Castle Age
21:01 Scale Barding Armor
22:03 Gold Mining
22:06 Stone Mining
22:59 Husbandry
23:13 Forging
25:08 Chain Barding Armor
24:40 Light Cavalry
26:27 Gold Shaft Mining
27:49 Bow Saw
36:21 Caravan
36:51 Coinage
38:50 Iron Casting
43:13 Imperial Age
44:43 Plate Barding Armor
48:04 Blast Furnace
47:03 Cavalier
49:29 Paladin
50:50 Chivalry
59:22 Banking
Los Pepes
12:00 Feudal Age
17:42 Castle Age
15:56 Double-Bit Axe
15:54 Horse Collar
16:43 Gold Mining
17:13 Stone Mining
26:38 Wheelbarrow
26:06 Heavy Plow
26:20 Bow Saw
28:47 Stone Shaft Mining
27:49 Man-at-Arms
28:47 Scale Mail Armor
28:58 Forging
29:10 Hand Cart
28:41 Long Swordsman
29:21 Squires
30:07 Chain Mail Armor
30:09 Town Watch
31:20 Caravan
32:14 Iron Casting
31:29 Pikeman
32:29 Town Patrol
33:38 Coinage
33:19 Fletching
35:39 Anarchy
39:00 Imperial Age
39:47 Elite Huskarl
40:29 Perfusion
39:53 Two-Handed Swordsman
41:40 Blast Furnace
41:51 Halberdier
45:04 Crop Rotation
45:32 Bodkin Arrow
47:42 Chemistry
46:38 Murder Holes
46:54 Masonry
48:42 Two-Man Saw
48:38 Perfusion
52:52 Conscription
52:18 Champion
Valhalla
12:25 Feudal Age
16:05 Castle Age
15:20 Double-Bit Axe
16:34 Horse Collar
17:38 Wheelbarrow
22:00 Bow Saw
22:21 Heavy Plow
24:19 Hand Cart
23:56 Loom
26:29 Gold Mining
27:19 Masonry
27:22 Fortified Wall
27:59 Gold Shaft Mining
29:29 Squires
28:52 Pikeman
33:03 Imperial Age
30:51 Padded Archer Armor
30:42 Fletching
30:53 Scale Mail Armor
31:04 Forging
34:02 Ballistics
34:01 Chain Mail Armor
34:22 Iron Casting
33:42 Bodkin Arrow
34:03 Leather Archer Armor
33:49 Stone Mining
34:37 Conscription
34:38 Caravan
34:49 Guilds
36:28 Chemistry
36:02 Halberdier
38:03 Two-Man Saw
36:59 Elite Skirmisher
39:03 Plate Mail Armor
38:33 Capped Ram
41:34 Elite Longbowman
42:35 Yeomen
47:56 Blast Furnace
46:57 Bracer
47:50 Heavy Scorpion
55:37 Warwolf
TeamLeo55
9:40 Loom
14:00 Feudal Age
19:57 Fletching
20:07 Padded Archer Armor
20:28 Forging
20:19 Scale Mail Armor
22:48 Castle Age
21:24 Horse Collar
21:48 Gold Mining
21:49 Stone Mining
22:00 Double-Bit Axe
23:55 Bow Saw
27:54 Heavy Plow
32:04 Ballistics
31:56 Masonry
33:23 Guard Tower
38:53 Imperial Age
37:25 Chain Mail Armor
37:45 Iron Casting
39:10 Heavy Scorpion
41:20 Elite Ballista Elephant
42:38 Hoardings
42:54 Double Crossbow
46:16 Coinage
45:47 Caravan
Connection lost

Rejoining the realm…

Still unreachable

The connection could not be restored.

Session expired

The server has moved on; the page needs a fresh start.